 Dungeon Crawl Stone Soup version 0.24-a0-584-g9d6b971ae4 (webtiles) character file.

Game seed: 7343258991565104739, levelgen mode: deterministic

241 Mithandil the Shield-Bearer (level 5, -1/47 HPs)
             Began as a Minotaur Fighter on Sept 2, 2019.
             Killed from afar by an orc wizard (2 damage)
             ... with a puff of flame
             ... on level 3 of the Dungeon.
             The game lasted 00:13:19 (1877 turns).

Mithandil the Shield-Bearer (Minotaur Fighter)      Turns: 1877, Time: 00:13:20

Health: -1/47      AC: 13    Str: 22      XL:     5   Next: 80%
Magic:  4/4        EV:  5    Int:  4 (5)  God:
Gold:   162        SH: 11    Dex:  9      Spells: 4/4 levels left

rFire    . . .     SeeInvis .   a - +0 long sword
rCold    . . .     Gourm    .   c - +1 shield
rNeg     + . .     Faith    .   j - +1 plate armour
rPois    .         Spirit   .   (helmet restricted)
rElec    .         Reflect  .   (no cloak)
rCorr    +         Harm     .   (no gloves)
MR       .....                  (no boots)
Stlth    ..........             (no amulet)
HPRegen  0.15/turn              i - ring of positive energy
MPRegen  0.09/turn              n - ring of resist corrosion

@: no status effects
A: retaliatory headbutt, horns 2, blurry vision 1, high mp 1, sense surroundings
1
a: no special abilities


You were on level 3 of the Dungeon.
You were not hungry.

You visited 1 branch of the dungeon, and saw 4 of its levels.

You collected 162 gold pieces.

Inventory:

Hand Weapons
 a - a +0 long sword (weapon)
 b - a +0 hunting sling
Missiles
 e - 90 stones
 k - 10 boomerangs (quivered)
Armour
 c - a +1 shield (worn)
 j - a +1 plate armour (worn)
Jewellery
 i - a ring of positive energy (left hand)
 n - a ring of resist corrosion (right hand)
Scrolls
 g - 2 scrolls of amnesia
 m - a scroll of teleportation
 p - a scroll of identify
Potions
 d - 2 potions of might
 h - 2 potions of curing
Comestibles
 f - 4 rations
 l - 6 chunks of flesh


   Skills:
 + Level 4.4 Fighting
 * Level 4.4 Long Blades
 + Level 4.5 Armour
 + Level 2.0 Dodging
 * Level 5.2 Shields


You had 4 spell levels left.
You didn't know any spells.
Your spell library was empty.

Dungeon Overview and Level Annotations

Branches:
Dungeon (4/15)
 Temple: D:4-7

Altars:
Trog
Zin


Innate Abilities, Weirdness & Mutations

You reflexively headbutt those who attack you in melee.
You have a pair of horns on your head.
Scrolls take you a little longer to read.
You have an increased reservoir of magic. (+10% MP)
You passively map a small area around you.


Message History

You hit the orc wizard. Your headbutt misses the orc wizard.
The orc wizard is moderately wounded.
The orc wizard barely misses you.
You riposte.
You hit the orc wizard.
The orc wizard is almost dead.
You block the orc's attack. The leopard gecko barely misses you.
You furiously retaliate!
You headbutt the leopard gecko. The orc hits you with a +0 flail!
* * * LOW HITPOINT WARNING * * *
The orc wizard hits you but does no damage.
Your plate armour prevents you from hitting the orc wizard.
The orc wizard is almost dead.
The leopard gecko bites you but does no damage.
The orc barely misses you.
The orc wizard hits you but does no damage.
You block the orc's attack. The leopard gecko barely misses you.
You riposte.
You hit the leopard gecko.
The leopard gecko is severely wounded.
The orc wizard casts a spell at you. The puff of flame hits you.
You die...

* * **##.... * ,
....... * , ####
,..#..... * ... ...
#..... . #..# ##.,
#.....
,..#######...#...
##.... *
#.....#[........ ,
##...
,##...#..ooo.....#*
,..#....)@#.....# ,
, ...##..l..#..# ,
#.##.........# ***
,
...*#............#
* *
,...####..........#
#..#.(..#........
#..........#.....
###........#.....
##..#..###.....


You could see an orc wizard, 2 orcs and a leopard gecko.

Vanquished Creatures
  2 orc priests
  3 orc wizards
  2 adders
  An ooze (D:1)
  4 worms
  2 dart slugs
  3 leopard geckos
  4 orcs
  4 giant cockroaches
  4 goblins
  11 hobgoblins
  3 jackals (D:2)
  2 kobolds (D:3)
  8 bats
  3 frilled lizards (D:1)
  A jackal zombie (D:1)
  A leopard gecko zombie (D:1)
  7 rats
65 creatures vanquished.

Notes
Turn   | Place    | Note
-------+----------+-------------------------------------------
     0 | D:1      | Mithandil the Minotaur Fighter began the quest for the Orb.
     0 | D:1      | Reached XP level 1. HP: 19/19 MP: 0/0
   209 | D:1      | Reached XP level 2. HP: 27/27 MP: 1/1
   256 | D:1      | Reached skill level 4 in Shields
   470 | D:2      | Found a glowing silver altar of Zin.
   484 | D:2      | Reached skill level 1 in Dodging
   484 | D:2      | Reached XP level 3. HP: 25/33 MP: 2/2
   486 | D:2      | Reached XP level 4. HP: 31/40 MP: 3/3
  1420 | D:2      | Gained mutation: You have an increased reservoir of magic.
                  | (+10% MP) [potion of mutation]
  1420 | D:2      | Gained mutation: Scrolls take you a little longer to read.
                  | [potion of mutation]
  1420 | D:2      | Gained mutation: You passively map a small area around you.
                  | [potion of mutation]
  1435 | D:2      | Reached XP level 5. HP: 44/46 MP: 4/4
  1609 | D:2      | Found a bloodstained altar of Trog.
  1742 | D:3      | Reached skill level 5 in Shields
  1876 | D:3      | HP: 1/47 [orc/+0 flail (7)]
  1877 | D:3      | Killed from afar by an orc wizard

Levels and vault maps discovered:
D:1:      saegor_arrival_fortress, layout_basic, minmay_pentomino_x2
D:2:      layout_basic, old_standard_altar, trog_book
D:3:      layout_rooms, first_ration, chequers_serial_rivers_small_3,
          lexackson_kobold_supper
D:4:      layout_layer_cave, serial_shops, shop, item_on_display_b

Skill      XL: |  1  2  3  4  5 |
---------------+----------------+-----
Shields        | 4 5 |  5.2
Long Blades    | 3 4 |  4.4
Fighting       | 4 |  4.4
Armour         | 4 |  4.5
Dodging        | 1 2 |  2.0

Action                   |  1- 3 |  4- 6 || total
-------------------------+-------+-------++-------
Melee: Long sword        |    53 |   123 ||   176
       Headbutt          |     8 |    20 ||    28
  Use: Scroll            |     2 |     8 ||    10
       Potion            |       |     4 ||     4
  Eat: Chunk             |       |     3 ||     3
Armor: Scale mail        |    40 |       ||    40
       Plate armour      |       |   119 ||   119
Dodge: Dodged            |    24 |    40 ||    64
Block: Shield            |    44 |    96 ||   140
       Rpst.: Long sword |     5 |    10 ||    15

Table legend:
 A = Non-vault XP
 B = Vault XP
 C = Vault XP percentage of total XP
 D = Non-vault monster count
 E = Vault monster count
 F = Vault count percentage of total count
                 A         B        C        D         E       F
            +---------+---------+-------+---------+---------+-------
      Total |     340 |       5 |   1.4 |      61 |       4 |   6.2
            +---------+---------+-------+---------+---------+-------
        D:1 |      53 |       5 |   8.6 |      27 |       4 |  12.9
        D:2 |     129 |       0 |   0.0 |      18 |       0 |   0.0
        D:3 |     158 |       0 |   0.0 |      16 |       0 |   0.0
            +---------+---------+-------+---------+---------+-------
